 Dungeon Crawl Stone Soup version 0.23-a0-582-g1b4a0ca (webtiles) character file.

98 tilp the Chiller (level 4, 0/30 HPs)
             Began as a Merfolk Ice Elementalist on Dec 16, 2018.
             Slain by Crazy Yiuf
             ... wielding a +4 quarterstaff of chaos
              (8 damage)
             ... on level 2 of the Dungeon.
             The game lasted 00:05:24 (2978 turns).

tilp the Chiller (Merfolk Ice Elementalist)         Turns: 2978, Time: 00:05:25

Health: 0/30       AC:  3    Str:  8    XL:     4   Next: 69%
Magic:  1/7        EV:  7    Int: 15    God:
Gold:   182        SH:  0    Dex: 14    Spells: 1/7 levels left

rFire    . . .     SeeInvis .   a - +1 dagger (venom)
rCold    . . .     Gourm    .   (no shield)
rNeg     . . .     Faith    .   m - +0 robe
rPois    .         Spirit   .   o - +0 helmet (curse)
rElec    .         Reflect  .   (no cloak)
rCorr    .         Harm     .   (no gloves)
MR       .....                  (no boots)
Stlth    ++........             (no amulet)
HPRegen  0.10/turn              (no ring)
MPRegen  0.10/turn              (no ring)

@: lethally poisoned (0 -> -20), petrifying (expiring), very slow
A: change form in water, swift swim, stealthy swim
a: no special abilities


You were on level 2 of the Dungeon.
You were hungry.

You visited 1 branch of the dungeon, and saw 2 of its levels.

You collected 182 gold pieces.

Inventory:

Hand Weapons
 a - a +1 dagger of venom (weapon)
 b - a +0 hunting sling
 e - a +0 dagger
Missiles
 f - 115 stones (quivered)
 h - a throwing net
Armour
 m - a +0 robe (worn)
 o - a cursed +0 helmet (worn)
Scrolls
 g - 3 scrolls of fog {unknown}
 i - 2 scrolls of teleportation {unknown}
 n - 4 scrolls of identify {unknown}
Potions
 d - a potion of resistance {unknown}
 j - 3 potions of ambrosia {unknown}
 l - a potion of degeneration {unknown}
 p - a potion of haste {unknown}
 q - a potion of mutation {unknown}
Comestibles
 c - 5 rations


   Skills:
 - Level 2.6 Dodging
 - Level 2.1 Stealth
 - Level 2.0 Spellcasting
 - Level 0.7 Conjurations
 + Level 5.8 Ice Magic


You had one spell level left.
You knew the following spells:

 Your Spells              Type           Power        Failure   Level  Hunger
a - Freeze                Ice            ###.         1%          1    #......
b - Throw Frost           Conj/Ice       ##....       9%          2    ###....
c - Ozocubu's Armour      Chrm/Ice       ##......     21%         3    ###....

Your spell library contained the following spells:

 Spells                   Type           Power        Failure   Level  Hunger
 Throw Icicle             Conj/Ice       ##......     50%         4    #####..
 Summon Ice Beast         Ice/Summ       ##......     54%         4    #####..


Dungeon Overview and Level Annotations

Branches:
Dungeon (2/15)

Altars:

Annotations:
D:2 Crazy Yiuf


Message History

Crazy Yiuf completely misses you.
You barely miss Crazy Yiuf.
Crazy Yiuf is heavily wounded.
Crazy Yiuf laughs, "Cod broken sallow!"
Crazy Yiuf hits you with a +4 quarterstaff of chaos!
You are slowing down.
Casting: Throw Frost (safe; 9% risk of failure)
Confirm with . or Enter, or press ? or * to list all spells.
Aiming: Freeze (safe; 1% risk of failure)
Press: ? - help, Shift-Dir - straight line, f/p - Crazy Yiuf
Aim: Crazy Yiuf, wielding a +4 quarterstaff of chaos and wearing a +0 cloak You freeze Crazy Yiuf.
Crazy Yiuf is almost dead.
Crazy Yiuf completely misses you.
Your limbs are stiffening.
You barely miss Crazy Yiuf.
Crazy Yiuf is almost dead.
Crazy Yiuf hits you with a +4 quarterstaff of chaos!
You are lethally poisoned!
Crazy Yiuf hits you with a +4 quarterstaff of chaos!
You die...

#.# #.# #.# #.#
#.################.# #.#
#..................# #.#
#####################<### #.#
#.# #....... #<#######.#
♣♣♣♣♣#####.### #.#....(>.# ####
♣♣♣.♣..#.....# #.#.###...#
#...#♣..♣.......#.# ......#.#.#
#..g@.♣♣♣♣......#.# #.........#
#)..#♣♣ ♣♣.#..##.###
#.....#.#.# #### ♣♣###.)...#
#.......### ##.....# ........#
#...)... ###.##..############
######.....#
#.............#..###...........
##....####.####.............#.#
#.#.## #.####......#.#.####.#


You could see Crazy Yiuf.

Vanquished Creatures
  Robin (D:2)
  An adder (D:2)
  2 oozes
  2 worms (D:2)
  A dart slug (D:1)
  A leopard gecko (D:1)
  13 goblins
  13 hobgoblins
  6 jackals (D:1)
  3 kobolds
  6 bats
  4 rats
53 creatures vanquished.

Notes
Turn   | Place    | Note
-------+----------+-------------------------------------------
     0 | D:1      | tilp the Merfolk Ice Elementalist began the quest for the
                  | Orb.
     0 | D:1      | Reached XP level 1. HP: 13/13 MP: 3/3
   141 | D:1      | Reached XP level 2. HP: 6/19 MP: 0/5
   475 | D:1      | Reached skill level 4 in Ice Magic
  1163 | D:1      | Reached XP level 3. HP: 24/24 MP: 4/6
  1167 | D:1      | Learned a level 2 spell: Throw Frost
  1171 | D:1      | Learned a level 3 spell: Ozocubu's Armour
  1677 | D:2      | Reached skill level 5 in Ice Magic
  2094 | D:2      | Reached XP level 4. HP: 30/30 MP: 3/7
  2098 | D:2      | Noticed Robin
  2270 | D:2      | Killed Robin
  2886 | D:2      | Found a runed door.
  2968 | D:2      | Noticed Crazy Yiuf
  2978 | D:2      | Slain by Crazy Yiuf

Vault maps used:
D:1:      sevenhm_arrival_forest_fort_small_4
D:2:      uniq_crazy_yiuf_cottage, uniq_robin

Skill      XL: |  1  2  3 |
---------------+----------+-----
Ice Magic      | 4 5 |  5.8
Dodging        | |  2.6
Stealth        | |  2.1
Spellcasting   | |  2.0
Conjurations   | |  0.7

Action                   |  1- 3 |  4- 6 || total
-------------------------+-------+-------++-------
Melee: Dagger            |    28 |    29 ||    57
 Cast: Freeze            |    53 |    19 ||    72
       Throw Frost       |       |     3 ||     3
 Stab: Sleeping          |     4 |     1 ||     5
  Eat: Chunk             |     5 |     2 ||     7
Armor: Robe              |    17 |     1 ||    18
Dodge: Dodged            |    67 |    23 ||    90

Table legend:
 A = Non-vault XP
 B = Vault XP
 C = Vault XP percentage of total XP
 D = Non-vault monster count
 E = Vault monster count
 F = Vault count percentage of total count
                 A         B        C        D         E       F
            +---------+---------+-------+---------+---------+-------
      Total |     105 |      35 |  25.0 |      41 |      12 |  22.6
            +---------+---------+-------+---------+---------+-------
        D:1 |      52 |       0 |   0.0 |      25 |       0 |   0.0
        D:2 |      53 |      35 |  39.8 |      16 |      12 |  42.9
            +---------+---------+-------+---------+---------+-------
